 Dungeon Crawl Stone Soup version 0.30-a0-629-gd54f4be4f7 (webtiles) character file.

Game seed: 4483005895874342102

6886 Pooter the Cleaver (level 10, -2/93 HPs)
             Began as a Minotaur Berserker on Jan 12, 2023.
             Was a Priest of Trog.
             Slain by a yak (10 damage)
             ... on level 10 of the Dungeon.
             The game lasted 00:42:23 (9317 turns).

Pooter the Cleaver (Minotaur Berserker)             Turns: 9317, Time: 00:42:24

Health: -2/93      AC:  9    Str: 23    XL:     10   Next: 79%
Magic:  9/9        EV:  7    Int:  6    God:    Trog [***...]
Gold:   823        SH:  0    Dex: 11    Spells: 9/9 levels left

rFire   + . .      SeeInvis .    a - +4 battleaxe
rCold   + . .      Faith    .    (shield currently unavailable)
rNeg    . . .      Spirit   .    g - +1 plate armour
rPois   .          Reflect  .    (helmet restricted)
rElec   .          Harm     .    (no cloak)
rCorr   .          Rampage  .    (no gloves)
Will    ++...                    H - +0 pair of boots Stlth
                                 (no amulet)
HPRegen 1.35/turn                j - ring of flight
MPRegen 0.11/turn                F - ring "Vegiduq" {rF+ rC+}

@: strong-willed, corroded, on berserk cooldown, flying, regenerating, slowed,
very slow
A: horns 2, retaliatory headbutt
a: Renounce Religion, Berserk, Trog's Hand


You were on level 10 of the Dungeon.
You worshipped Trog.
Trog was most pleased with you.
You visited 1 branch of the dungeon, and saw 10 of its levels.
You also visited: Sewer.

You collected 823 gold pieces.

Inventory:

Hand Weapons
 a - a +4 battleaxe (weapon)
   (You took it off a wight on level 6 of the Dungeon)
 b - the +6 longbow of Evisceration {drain, MP+9 Int+4}
   (You acquired it on level 9 of the Dungeon)

   Int:       It affects your intelligence (+4).
   MP:        It affects your magic capacity (+9).
 i - a +3 war axe of freezing
   (You took it off a wight on level 7 of the Dungeon)
 q - a +4 trident
   (You took it off a wight on level 8 of the Dungeon)
 I - a +0 dire flail
   (You took it off a wight on level 6 of the Dungeon)
Missiles
 c - 12 boomerangs (quivered)
 p - 8 curare-tipped darts
 r - 41 poisoned darts
 z - 9 javelins
 Q - 131 stones
Armour
 g - a +1 plate armour (worn)
   (You took it off an orc warrior on level 7 of the Dungeon)
 H - a +0 pair of boots (worn)
   (You found it on level 6 of the Dungeon)
Jewellery
 j - a ring of flight (left hand)
   (You found it on level 7 of the Dungeon)
 F - the ring "Vegiduq" (right hand) {rF+ rC+}
   (You acquired it on level 9 of the Dungeon)

   [ring of protection from fire]

   rF:        It protects you from fire.
   rC:        It protects you from cold.
Wands
 d - a wand of iceblast (4)
   (You found it in a sewer)
 u - a wand of paralysis (3)
   (You found it on level 8 of the Dungeon)
 v - a wand of digging (1)
   (You found it on level 6 of the Dungeon)
 J - a wand of mindburst (15)
   (You found it on level 8 of the Dungeon)
 N - a wand of polymorph (11)
   (You found it on level 8 of the Dungeon)
Scrolls
 e - 2 scrolls of vulnerability {!r}
 f - 2 scrolls of silence
 h - 3 scrolls of immolation {!r}
 k - 2 scrolls of poison {!r}
 n - a scroll of amnesia {unknown}
 A - a scroll of fear
 L - 2 scrolls of noise {!r}
 M - 2 scrolls of fog
Potions
 l - 2 potions of resistance {unknown}
 m - 4 potions of mutation {!q}
 o - 5 potions of curing {unknown}
 s - 2 potions of brilliance {unknown}
 w - 2 potions of flight {unknown}
 x - 2 potions of haste {unknown}
 y - 8 potions of heal wounds {@q2}
 B - a potion of degeneration {unknown}
 C - a potion of ambrosia {unknown}
 D - a potion of attraction {unknown}
 E - 3 potions of lignification {!q}
 G - 4 potions of might {unknown}
 K - a potion of magic {unknown}


   Skills:
 + Level 9.8 Fighting
 * Level 12.1 Axes
 * Level 8.7 Ranged Weapons
 - Level 2.4 Armour
 - Level 2.1 Dodging
 + Level 6.3 Stealth
 + Level 2.8 Evocations


You had 9 spell levels left.
You didn't know any spells.
Your spell library was empty.

Dungeon Overview and Level Annotations

Branches:
Dungeon (10/15)            Temple (0/1) D:6           Sewer (visited)
   Lair: D:8-11         Orc: D:9-12

Altars:
Ashenzari
Dithmenos
Fedhas
Makhleb
Ru
Yredelemnul
The Shining One

Shops:
D:1 :   D:2 :   D:3 :   D:7 [

Annotations:
D:2 1 runed translucent door, Crazy Yiuf


Innate Abilities, Weirdness & Mutations

You have a pair of horns on your head.
You reflexively headbutt those who attack you in melee.


Message History

The quasit claws you but does no damage.
The quasit bites you but does no damage.
The quasit barely misses you.
The quasit claws you but does no damage.
The rust devil hits you. The rust devil corrodes you!
You slice the rust devil!!
You kill the rust devil!
Trog accepts your kill.
You hit the quasit.
The quasit bites you but does no damage.
The quasit claws you.
* * * LOW HITPOINT WARNING * * *
The quasit claws you but does no damage.
Your Axes skill increases to level 12!
You miss the quasit. You headbutt the quasit.
You kill the quasit!
Trog accepts your kill.
You miss the quasit.
The quasit bites you but does no damage.
The quasit claws you.
* * * LOW HITPOINT WARNING * * *
The quasit claws you but does no damage.
You barely miss the quasit. You headbutt the quasit!
You kill the quasit!
Trog accepts your kill.
You slash the yak! The yak gores you but does no damage.
You slice the yak!!
You kill the yak!
Trog accepts your kill.
You barely miss the yak. You headbutt the yak! You slash the yak!
You are no longer berserk.
You are exhausted.
You feel yourself slow down. The yak closely misses you.
You furiously retaliate!
You headbutt the yak. The yak gores you!
* * * LOW HITPOINT WARNING * * *
You slash the yak! x2; The yak closely misses you. x2
You hit the yak. You closely miss the yak.
The yak gores you but does no damage. The yak gores you!
* * * LOW HITPOINT WARNING * * *
The yak gores you!
* * * LOW HITPOINT WARNING * * *
The yak gores you!
* * * LOW HITPOINT WARNING * * *
You barely miss the yak. Your headbutt misses the yak. You slash the yak!
The yak gores you.
* * * LOW HITPOINT WARNING * * *
The yak gores you but does no damage. The yak closely misses you.
The yak gores you!
You die...

.. .........
#.... .........
#.... .........
#....###...♣.~.P
......#....~~~..
.P......(..≈~~..
P.P........~~~..
♣P♣........~~~~♣
..P....@†......P
......YY.....###
............##
...........##
..........##
.........##
........##
.......##


You could see 2 yaks.

Vanquished Creatures
  A two-headed ogre (D:8)
  A rust devil (D:10)
  A troll (D:9)
  A hornet (D:9)
  12 yaks
  2 steam dragons
  2 vampire mosquitoes (D:8)
  A water moccasin (Sewer)
  3 orc warriors
  2 ice beasts
  A phantom (D:6)
  6 kobold brigands
  2 bullfrogs
  3 scorpions
  A necrophage (D:6)
  12 wights
  4 killer bees (D:8)
  A crimson imp (D:6)
  2 quasits (D:10)
  4 orc priests
  2 jellies
  A gnoll bouda (D:4)
  7 hounds
  3 iguanas
  4 orc wizards
  Robin (D:2)
  17 gnolls
  7 adders
  A river rat (D:6)
  A white imp (D:5)
  3 ufetubi
  2 dart slugs (D:1)
  26 orcs
  4 bats
  2 endoplasms
  2 giant cockroaches (D:1)
  9 goblins
  10 hobgoblins
  8 jackals
  46 kobolds
  4 quokkas
  12 ball pythons
  7 frilled lizards
  5 rats
246 creatures vanquished.

Notes
Turn   | Place    | Note
-------+----------+-------------------------------------------
     0 | D:1      | Pooter the Minotaur Berserker began the quest for the Orb.
     0 | D:1      | Reached XP level 1. HP: 19/19 MP: 0/0
    56 | D:1      | Reached XP level 2. HP: 27/27 MP: 1/1
   409 | D:1      | Reached skill level 4 in Axes
   452 | D:1      | Reached skill level 1 in Stealth
   595 | D:1      | Reached XP level 3. HP: 34/34 MP: 2/2
   696 | D:1      | Found Echixoal's Book Shop.
  1005 | D:2      | Reached ** piety under Trog
  1240 | D:2      | Noticed Robin
  1243 | D:2      | Reached skill level 5 in Fighting
  1243 | D:2      | Reached XP level 4. HP: 42/42 MP: 3/3
  1247 | D:2      | Killed Robin
  1398 | D:2      | Found a runed translucent door.
  1399 | D:2      | Noticed Crazy Yiuf
  1519 | D:2      | Found Veorph's Book Shop.
  1777 | D:3      | Found a faded altar of an unknown god.
  2022 | D:3      | Found Tuwn's Vocational Training.
  2067 | D:3      | Reached XP level 5. HP: 48/48 MP: 4/4
  2357 | D:3      | Reached skill level 5 in Axes
  2472 | D:3      | Reached XP level 6. HP: 49/57 MP: 5/5
  2768 | D:3      | Reached *** piety under Trog
  2814 | D:3      | Reached skill level 6 in Axes
  3050 | D:3      | Reached XP level 7. HP: 37/64 MP: 6/6
  3695 | D:4      | Reached skill level 7 in Axes
  4086 | D:5      | Entered Level 5 of the Dungeon
  4298 | D:5      | Found a broken altar of Ashenzari.
  4433 | D:5      | Found a sacrificial altar of Ru.
  4679 | D:5      | Reached **** piety under Trog
  4685 | D:5      | Reached skill level 1 in Ranged Weapons
  4876 | D:6      | Found a glowing drain.
  4879 | D:6      | Reached XP level 8. HP: 73/73 MP: 7/7
  4921 | Sewer    | Entered a sewer
  4963 | Sewer    | Reached skill level 8 in Axes
  5717 | D:6      | Found a staircase to the Ecumenical Temple.
  5756 | D:6      | Reached skill level 9 in Axes
  5954 | D:6      | Found a burning altar of Makhleb.
  6010 | D:6      | Found a glowing golden altar of the Shining One.
  6153 | D:6      | Upgraded the game from 0.30-a0-626-gd6a5dd7a1f to
                  | 0.30-a0-629-gd54f4be4f7
  6256 | D:7      | Reached XP level 9. HP: 79/80 MP: 8/8
  6327 | D:7      | Reached skill level 5 in Ranged Weapons
  6468 | D:7      | Found a blossoming altar of Fedhas.
  6485 | D:7      | Found Vuogock's Armour Boutique.
  6489 | D:7      | Reached skill level 5 in Stealth
  6618 | D:7      | Reached skill level 10 in Axes
  6897 | D:8      | Noticed a two-headed ogre
  6909 | D:8      | Killed a two-headed ogre
  7024 | D:8      | Found a shadowy altar of Dithmenos.
  7546 | D:8      | Reached XP level 10. HP: 91/91 MP: 9/9
  7680 | D:8      | Reached skill level 11 in Axes
  7789 | D:8      | Reached skill level 1 in Evocations
  8043 | D:9      | Paralysed by a hornet for 2 turns
  8323 | D:9      | Identified a scroll of acquirement
  8323 | D:9      | Acquired the ring "Vegiduq" {rF+ rC+}
  8325 | D:9      | Found a basalt altar of Yredelemnul.
  8345 | D:9      | Acquired the +6 longbow of Evisceration {drain, MP+9 Int+4}
  9246 | D:10     | Entered Level 10 of the Dungeon
  9298 | D:10     | Noticed a soul eater
  9304 | D:10     | Noticed a rust devil
  9309 | D:10     | Killed a rust devil
  9310 | D:10     | Reached skill level 12 in Axes
  9317 | D:10     | Slain by a yak

Illustrated notes

Levels and vault maps discovered:
D:1:      nzn_arrival_depleted_hourglass, layout_basic, serial_shops, shop,
          chequers_serial_rivers_micro_b, minmay_misc_feat_tower,
          palyth_stone_intersect, minmay_misc_feat_cross
D:2:      layout_loops_cross, serial_shops, shop, uniq_crazy_yiuf_cottage,
          uniq_robin
D:3:      minmay_goblin_kobold_castle, layout_basic,
          hellmonk_ecumenical_altar_blasted, nicolae_shop_vocational
D:4:      layout_cave_pools
D:5:      layout_basic, nicolae_ru_path_of_blood, nicolae_ashenzari_panopticon,
          corexii_hall_statues_l, serial_bayou_pond_e, mrwooster_statue_mirror
D:6:      minmay_diamond_boxcup, layout_basic, tso_oasis_becter,
          makhleb_grotto_becter, minmay_temple_entry_tees,
          cheibrodos_sewer_entry_sluice
D:7:      layout_cave_pools, mainiacjoe_overflow_chevrons, serial_shops,
          nicolae_shop_stone
D:8:      layout_basic, mainiacjoe_overflow_alcove_1,
          minmay_misc_feat_more_columns, dk_noncrumbling_3
D:9:      layout_loops_cross, mainiacjoe_overflow_concentric_impassable
D:10:     layout_big_octagon, serial_demonic, serial_demonic_b,
          serial_demonic_f, serial_demonic_a, serial_demonic_b,
          serial_demonic_b, hangedman_tell_no_tales, uniq_grum

Skill      XL: |  1  2  3  4  5  6  7  8  9 10 |
---------------+-------------------------------+-----
Fighting       | 4 5 6 7 8 9 |  9.8
Axes           | 4 5 6 7 9 10 12 | 12.1
Stealth        | 1 2 3 4 5 6 |  6.3
Ranged Weapons | 1 4 7 8 |  8.7
Evocations     | 2 |  2.8
Armour         | |  2.4
Dodging        | |  2.1

Action                   |  1- 3 |  4- 6 |  7- 9 | 10-12 || total
-------------------------+-------+-------+-------+-------++-------
Melee: Hand axe          |    82 |    35 |       |       ||   117
       Headbutt          |     6 |     9 |    36 |    12 ||    63
       War axe           |       |    51 |   121 |       ||   172
       Battleaxe         |       |       |    71 |    68 ||   139
 Fire: Shortbow          |       |       |    63 |    10 ||    73
       Longbow           |       |       |       |    23 ||    23
Throw: Stone             |     7 |       |       |       ||     7
       Dart              |       |    13 |     4 |     2 ||    19
       Boomerang         |       |       |     2 |       ||     2
Invok: Berserk           |     1 |     5 |     5 |     2 ||    13
       Trog's Hand       |     1 |     1 |     5 |     3 ||    10
  Use: Scroll            |     2 |     2 |     5 |     9 ||    18
 Stab: Sleeping          |       |     2 |     2 |       ||     4
Armor: Animal skin       |    14 |     3 |       |       ||    17
       Ring mail         |       |    19 |    18 |       ||    37
       Scale mail        |       |       |    49 |       ||    49
       Plate armour      |       |       |    38 |    73 ||   111
Dodge: Dodged            |    55 |    63 |   135 |    32 ||   285

Table legend: (Time is in decaauts)
 A = Elapsed time spent in this place.
 B = Non-inter-level travel time spent in this place.
 C = Inter-level travel time spent in this place.
 D = Time resting spent in this place.
 E = Time spent auto-exploring this place.
 F = Levels seen in this place.
 G = Mean time per level.
                   A        B        C        D        E       F      G
               +--------+--------+--------+--------+--------+-----+--------+
         Total |   9547 |   9333 |    214 |   1821 |   5676 |  11 |  867.9 |
       Dungeon |   9323 |   9109 |    214 |   1821 |   5510 |  10 |  932.3 |
         Sewer |    224 |    224 |      0 |      0 |    166 |   1 |  224.0 |
               +--------+--------+--------+--------+--------+-----+--------+

Top non-repeatable levels by time:
     D:3: 1933 daAuts
     D:9: 1247 daAuts
     D:6: 1222 daAuts
     D:8: 1012 daAuts
     D:1: 858 daAuts
     D:7: 828 daAuts
     D:2: 825 daAuts
     D:5: 737 daAuts
     D:4: 586 daAuts
   Sewer: 224 daAuts
    D:10: 71 daAuts
